 Dungeon Crawl Stone Soup version 0.26-a0-26-ge22fd8933b (webtiles) character file.

Game seed: 17112799059828636933, levelgen mode: deterministic

119092 Essalna the Eclecticist (level 16, -1/99 HPs)
             Began as a Deep Elf Ice Elementalist on May 26, 2020.
             Was a High Priest of Vehumet.
             Slain by Agnes
             ... wielding a +0 vampiric lajatang
              (31 damage)
             ... on level 1 of the Elven Halls on May 27, 2020.
             The game lasted 02:00:02 (35803 turns).

Essalna the Eclecticist (DEIE)                     Turns: 35803, Time: 02:00:03

Health: -1/99      AC: 13    Str: 11    XL:     16   Next: 27%
Magic:  15/38      EV: 25    Int: 30    God:    Vehumet [*****.]
Gold:   2175       SH:  7    Dex: 23    Spells: 31/47 levels left

rFire    + . .     SeeInvis .   j - +2 whip (elec)
rCold    . . .     Gourm    .   Y - +0 buckler
rNeg     . . .     Faith    .   D - +1 leather armour {rF+}
rPois    .         Spirit   .   q - +0 helmet
rElec    +         Reflect  .   a - +0 cloak of Egalitarianism {Int+2 Dex+4} (curse)
rCorr    .         Harm     .   Q - +2 pair of gloves of Uhisar {Str+6}
MR       ++...                  A - +2 pair of boots
Stlth    +++.......             (no amulet)
HPRegen  0.26/turn              V - ring "Tifeg" {Wiz rElec Dex+4 Stlth+}
MPRegen  0.26/turn              h - ring of protection from magic

@: frozen ramparts
A: no striking features
a: Renounce Religion


You were on level 1 of the Elven Halls.
You worshipped Vehumet.
Vehumet was extremely pleased with you.
You were not hungry.

You visited 6 branches of the dungeon, and saw 26 of its levels.
You also visited: Volcano.

You collected 2512 gold pieces.
You spent 337 gold pieces at shops.

Inventory:

Hand Weapons
 j - a +2 whip of electrocution (weapon)
Armour
 a - the cursed +0 cloak of Egalitarianism (worn) {Int+2 Dex+4}
   (You bought it in a shop on level 2 of the Orcish Mines)

   It affects your intelligence (+2).
   It affects your dexterity (+4).
   It has a curse placed upon it.
 p - a +1 cloak
 q - a +0 helmet (worn)
 w - a +3 leather armour of poison resistance
 A - a +2 pair of boots (worn)
 D - a +1 leather armour of fire resistance (worn)
 I - a +0 robe of magic resistance
 Q - the +2 pair of gloves of Uhisar (worn) {Str+6}
   (You found it in a volcano)

   It affects your strength (+6).
 R - a +1 kite shield of fire resistance
 Y - a +0 buckler (worn)
 Z - a scarf of resistance
Magical Staves
 M - an uncursed staff of wizardry {unknown}
Jewellery
 d - an uncursed ring of resist corrosion
 h - a ring of protection from magic (right hand)
 k - an uncursed ring of protection from fire {unknown}
 C - an uncursed ring of poison resistance {unknown}
 K - a cursed ring of see invisible {unknown}
 V - the ring "Tifeg" (left hand) {Wiz rElec Dex+4 Stlth+}
   (You found it on level 4 of the Lair of Beasts)

   [ring of wizardry]

   It improves your spell success rate.
   It affects your dexterity (+4).
   It insulates you from electricity.
   It makes you more stealthy.
Wands
 f - a wand of enslavement (8)
 l - a wand of digging (3)
 H - a wand of polymorph (9)
 U - a wand of disintegration (21)
Scrolls
 b - 22 scrolls of identify
 m - a scroll of brand weapon {unknown}
 n - 2 scrolls of magic mapping
 o - 9 scrolls of amnesia
 s - 4 scrolls of fog
 y - a scroll of random uselessness {unknown}
 G - 4 scrolls of teleportation
 J - 13 scrolls of remove curse
 O - 5 scrolls of fear
 T - 3 scrolls of enchant armour {unknown}
 X - a scroll of holy word {unknown}
Potions
 e - a potion of resistance {unknown}
 g - 4 potions of heal wounds
 i - 13 potions of curing
 r - 2 potions of degeneration
 t - 4 potions of flight {unknown}
 u - 4 potions of mutation {unknown}
 v - 7 potions of haste
 x - 2 potions of magic
 B - 5 potions of brilliance {unknown}
 E - 3 potions of invisibility {unknown}
 F - 2 potions of might
 L - a potion of stabbing {unknown}
 N - 4 potions of lignification {unknown}
 P - 2 potions of berserk rage
 S - 2 potions of ambrosia {unknown}
Comestibles
 c - 40 rations
 z - 5 chunks of flesh


   Skills:
 + Level 10.7 Fighting
 - Level 5.0 Armour
 + Level 14.8 Dodging
 - Level 2.4 Stealth
 + Level 7.2 Shields
 + Level 16.0 Spellcasting
 + Level 13.2 Conjurations
 + Level 14.0 Ice Magic


You had 31 spell levels left.
You knew the following spells:

 Your Spells              Type           Power        Failure   Level  Hunger
a - Freeze                Ice            ####         0%          1    None
b - Frozen Ramparts       Ice            ######       0%          3    None
c - Hailstorm             Conj/Ice       #######.     1%          4    None
d - Iron Shot             Conj/Erth      ######....   3%          6    ###....
e - Blink                 Tloc           N/A          1%          2    None

Your spell library contained the following spells:

 Spells                   Type           Power        Failure   Level  Hunger
 Magic Dart               Conj           ####         0%          1    None
 Searing Ray              Conj           ######       0%          2    None
 Animate Skeleton         Necr           N/A          1%          1    None
 Apportation              Tloc           ###...       1%          1    None
 Corona                   Hex            ###....      1%          1    None
 Pain                     Necr           ###.         1%          1    None
 Shock                    Conj/Air       ####         1%          1    None
 Sting                    Tmut/Pois      ###.         1%          1    None
 Summon Small Mammal      Summ           ###.         1%          1    None
 Call Imp                 Summ           ###.....     1%          2    None
 Ensorcelled Hibernation  Hex/Ice        ######       1%          2    None
 Poisonous Vapours        Pois/Air       ###...       1%          2    None
 Slow                     Hex            ###.....     1%          2    None
 Swiftness                Chrm/Air       ###.....     1%          2    None
 Conjure Flame            Conj/Fire      ######..     1%          3    None
 Dazzling Flash           Conj/Hex       ######       1%          3    None
 Ignite Poison            Fire/Tmut/Pois ###.....     1%          3    None
 Mephitic Cloud           Conj/Pois/Air  ######..     1%          3    None
 Ozocubu's Armour         Chrm/Ice       ######..     1%          3    None
 Static Discharge         Conj/Air       ######..     1%          3    None
 Fulminant Prism          Conj/Hex       ######....   1%          4    None
 Ice Form                 Ice/Tmut       ######..     1%          4    None
 Iskenderun's Mystic Bla  Conj/Tloc      ######..     1%          4    None
 Summon Ice Beast         Ice/Summ       ######..     1%          4    None
 Lightning Bolt           Conj/Air       ######....   1%          5    None
 Metabolic Englaciation   Hex/Ice        ######....   1%          5    None
 Freezing Cloud           Conj/Ice/Air   ######....   1%          6    ###....
 Ozocubu's Refrigeration  Ice            #######...   1%          6    ###....
 Confusing Touch          Hex            ###.....     2%          3    None
 Gell's Gravitas          Tloc           ###.......   2%          3    None
 Portal Projectile        Hex/Tloc       ###...       2%          3    None
 Tukima's Dance           Hex            ###.....     2%          3    None
 Vampiric Draining        Necr           ###.......   2%          3    None
 Airstrike                Air            ###.......   3%          4    None
 Olgreb's Toxic Radiance  Pois           ###.....     3%          4    None
 Simulacrum               Ice/Necr       ######....   9%          6    ###....
 Animate Dead             Necr           N/A          10%         4    None
 Agony                    Necr           ###.....     26%         5    None
 Dispersal                Tloc           ###.......   78%         6    ###....
 Controlled Blink         Tloc           N/A          100%        8    ######.
 Disjunction              Tloc           ###.......   100%        8    ######.


Dungeon Overview and Level Annotations

Branches:
Dungeon (15/15) Temple (1/1) D:4 Lair (6/6) D:8 Swamp (1/4) Lair:3 Snake (0/4) Lair:2 Slime (0/5) Lair:6 Orc (2/2) D:9 Elf (1/3) Orc:2 Vaults (0/5) D:12 D:13 Depths (0/5) D:15 Volcano (visited)

Altars:
Ashenzari
Cheibriados
Dithmenos
Elyvilon
Fedhas
Gozag
Hepliaklqana
Kikubaaqudgha
Makhleb
Nemelex Xobeh
Okawaru
Qazlal
Ru
Sif Muna
Uskayaw
Vehumet
Wu Jian
Xom
Yredelemnul
Zin
The Shining One
Beogh
Jiyva

Shops:
D:8 %   D:10 =   Orc:2 ?[}[

Annotations:
Elf:1 Agnes


Message History

Casting: Freeze (safe; 0% risk of failure)
Confirm with . or Enter, or press ? or * to list all spells.
Aiming: Iron Shot (dangerous; 3% risk of failure)
Press: ? - help, Shift-Dir - straight line, f/p - Agnes
Aim: Agnes, wielding a +0 vampiric lajatang and wearing a +2 robe of positive energy (moderately wounded)
The iron shot hits Agnes!!
Agnes is severely wounded.
The wall freezes Agnes.
Agnes says, "You dishonour your ancestors."
You block Agnes's attack.
Casting: Iron Shot (dangerous; 3% risk of failure)
Confirm with . or Enter, or press ? or * to list all spells.
Aiming: Iron Shot (dangerous; 3% risk of failure)
Press: ? - help, Shift-Dir - straight line, f/p - Agnes
Aim: Agnes, wielding a +0 vampiric lajatang and wearing a +2 robe of positive energy (severely wounded)
The iron shot hits Agnes!!
Agnes is almost dead.
The wall freezes Agnes.
Agnes completely misses you.
The wall freezes Agnes.
Agnes hits you with a +0 vampiric lajatang!!
You die...

#### #### ##.'#########'.#
#..#....#....#.. ##
##)##....#....##. #..
#..#....####...#. ##..#
##.##...##......##
##....##..#....#........#
#......i@##....#...##...#
#......).##.....#....##...
##.......'............##..
##########....####...##..⌠..##..)
#......####..# ##...##...##..)#
.....8..# #.. #... ##.##....#
........##### ##.. ###....##
....)....### #.....#.
.[).)......#### .####..).##.


You could see Agnes.

Vanquished Creatures
  Kirke (D:12)
  A stone giant (D:15)
  Nessos (D:13)
  Snorg (D:11)
  A yaktaur captain (D:15)
  2 ogre magi (D:15)
  5 hydras
  3 catoblepae
  A centaur warrior (D:14)
  2 dancing weapons
  11 two-headed ogres
  A queen ant (Lair:2)
  4 tengu warriors
  Urug (D:13)
  5 orc high priests (Orc:2)
  8 skeletal warriors
  7 wizards
  6 deep elf archers (Elf:1)
  3 unseen horrors
  Pikel (D:5)
  8 orc knights
  22 deep elf magi
  2 ugly things
  An orc sorcerer (Orc:2)
  3 manticores
  11 slime creatures
  3 cyclopes
  5 toenail golems (Volcano)
  8 elephants
  2 black mambas
  3 centaur zombies
  A naga mage (D:15)
  A gargoyle (D:13)
  A torpor snail (Lair:4)
  8 komodo dragons
  6 spiny frogs
  3 yaktaurs (D:15)
  A freezing wraith (D:15)
  2 rime drakes
  A kobold demonologist (D:15)
  3 tengu conjurers (D:15)
  An efreet (D:15)
  A queen bee (Lair:2)
  2 polar bears (Lair:6)
  3 trolls
  7 hippogriffs
  9 hornets
  11 blink frogs
  3 dream sheep
  A centaur simulacrum (D:15)
  8 wyverns
  4 wraiths
  14 spriggans (Lair:6)
  2 shadows
  47 yaks
  Grum (D:11)
  Eustachio (D:6)
  6 hogs (D:12)
  A hungry ghost (D:6)
  6 basilisks
  16 humans
  A steam dragon (D:10)
  2 fire elementals (Elf:1)
  4 vampire mosquitoes
  3 nagas (Lair:2)
  2 acid dragons (D:13)
  3 wargs
  20 soldier ants (Lair:2)
  2 swamp worms (Lair:3)
  9 porcupines
  10 water moccasins
  Duvessa (D:7)
  3 ice beasts
  39 orc warriors
  5 black bears (Lair:6)
  A phantom (D:8)
  5 sky beasts
  2 slaves (D:5)
  An eye of draining (D:13)
  3 necrophages
  21 wolves
  11 ogres
  The ghost of will825x the Poker, an amateur HuFi of Okawaru (D:3)
  3 boggarts (Lair:6)
  17 centaurs
  12 crocodiles
  24 bullfrogs
  A gnoll sergeant (Orc:2)
  Dowan (D:7)
  3 scorpions
  38 killer bees
  10 wights
  An electric eel (Lair:1)
  6 howler monkeys
  6 crimson imps
  2 bullfrog zombies
  2 quasits
  5 hounds
  4 jellies
  6 centaur skeletons
  32 orc priests
  23 orc wizards
  2 bullfrog skeletons
  7 iguanas
  Terence (D:3)
  Natasha (thrice) (D:3)
  30 worker ants
  2 hound skeletons
  2 hound zombies
  A worker ant zombie (D:5)
  Robin (D:3)
  8 adders
  13 gnolls
  A howler monkey skeleton (D:7)
  A river rat (D:3)
  6 shadow imps
  12 white imps (Lair:4)
  2 oozes
  An adder skeleton (D:5)
  6 worms
  5 dart slugs
  5 leopard geckos
  93 orcs
  8 bats
  6 giant cockroaches
  12 goblins
  8 hobgoblins
  5 jackals
  8 quokkas
  5 ball pythons
  5 frilled lizards
  2 jackal zombies
  8 kobolds
  9 rats
  7 fungi
  6 plants
940 creatures vanquished.

Vanquished Creatures (others)
  A slave (D:5)
  An orc priest (D:5)
  A leopard gecko (D:5)
  2 orcs (D:5)
  13 fungi
  8 plants
26 creatures vanquished.

Grand Total: 966 creatures vanquished

Notes
Turn   | Place    | Note
-------+----------+-------------------------------------------
     0 | D:1      | Essalna the Deep Elf Ice Elementalist began the quest for
                  | the Orb.
     0 | D:1      | Reached XP level 1. HP: 10/10 MP: 6/6
   468 | D:1      | Reached XP level 2. HP: 15/15 MP: 6/8
  1500 | D:2      | Reached XP level 3. HP: 18/20 MP: 4/9
  1863 | D:2      | Reached skill level 1 in Armour
  2017 | D:2      | Reached skill level 1 in Fighting
  2022 | D:2      | Found a white marble altar of Elyvilon.
  2223 | D:2      | Reached XP level 4. HP: 19/25 MP: 6/11
  2419 | D:2      | Found an ornate altar of the Wu Jian Council.
  2608 | D:2      | Learned a level 3 spell: Frozen Ramparts
  2616 | D:3      | Noticed Robin
  2628 | D:3      | Killed Robin
  2755 | D:3      | Noticed a centaur
  2760 | D:3      | Killed a centaur
  2760 | D:3      | Reached skill level 4 in Spellcasting
  2760 | D:3      | Reached skill level 5 in Ice Magic
  2760 | D:3      | Reached XP level 5. HP: 27/29 MP: 7/13
  2836 | D:3      | Noticed will825x's ghost (amateur HuFi)
  2837 | D:3      | Found a runed translucent gate.
  2837 | D:3      | Found a runed translucent gate.
  2838 | D:3      | Found a runed translucent gate.
  2841 | D:3      | Identified the +10 hunting sling of the Beginning {freeze,
                  | Str+3 Dex-3 SInv}
  2846 | D:3      | Found a roughly hewn altar of Beogh.
  3054 | D:3      | Noticed Natasha
  3092 | D:3      | Killed Natasha
  3289 | D:3      | Noticed Natasha
  3298 | D:3      | Killed Natasha
  3363 | D:3      | Learned a level 4 spell: Hailstorm
  3478 | D:3      | Reached XP level 6. HP: 31/35 MP: 10/14
  3681 | D:3      | Noticed Natasha
  3685 | D:3      | Killed Natasha
  3839 | D:3      | Noticed Terence
  3845 | D:3      | Killed Terence
  3959 | D:4      | Reached skill level 1 in Conjurations
  3974 | D:4      | Reached skill level 5 in Spellcasting
  4319 | D:4      | Reached XP level 7. HP: 40/40 MP: 12/16
  4427 | D:4      | Found a staircase to the Ecumenical Temple.
  4436 | Temple   | Entered the Ecumenical Temple
  4538 | Temple   | Became a worshipper of Vehumet
  5090 | D:3      | Killed will825x's ghost
  5263 | D:5      | Entered Level 5 of the Dungeon
  5726 | D:5      | Noticed Pikel
  5733 | D:5      | Killed Pikel
  5733 | D:5      | Reached skill level 5 in Dodging
  5733 | D:5      | Reached skill level 6 in Spellcasting
  5733 | D:5      | Reached XP level 8. HP: 46/46 MP: 14/19
  6111 | D:5      | Reached * piety under Vehumet
  6111 | D:5      | Offered knowledge of Shock by Vehumet.
  6725 | D:5      | Reached skill level 7 in Spellcasting
  6865 | D:6      | Reached XP level 9. HP: 52/52 MP: 12/21
  6956 | D:6      | Noticed Eustachio
  6976 | D:6      | Killed Eustachio
  7250 | D:6      | Found a blossoming altar of Fedhas.
  7945 | D:7      | Reached skill level 5 in Conjurations
  7977 | D:7      | Reached ** piety under Vehumet
  7977 | D:7      | Offered knowledge of Foxfire by Vehumet.
  7979 | D:7      | Reached skill level 8 in Spellcasting
  8285 | D:7      | Found a hazy altar of Hepliaklqana.
  8360 | D:7      | Noticed Duvessa
  8375 | D:7      | Killed Duvessa
  8390 | D:7      | Noticed Dowan
  8394 | D:7      | Killed Dowan
  8685 | D:8      | Found Ytooc's Food Boutique.
  8743 | D:8      | Offered knowledge of Static Discharge by Vehumet.
  8743 | D:8      | Reached XP level 10. HP: 58/58 MP: 18/24
  8985 | D:8      | Found a stormy altar of Qazlal.
  9131 | D:8      | Found a shadowy altar of Dithmenos.
  9173 | D:8      | Reached skill level 5 in Armour
  9245 | D:8      | Reached *** piety under Vehumet
  9344 | D:8      | Reached skill level 5 in Fighting
  9852 | D:8      | Found a staircase to the Lair.
  9866 | Lair:1   | Entered Level 1 of the Lair of Beasts
  9985 | Lair:1   | Reached skill level 9 in Spellcasting
 10369 | Lair:1   | Noticed a spiny frog
 10375 | Lair:1   | Killed a spiny frog
 10631 | Lair:1   | Offered knowledge of Mephitic Cloud by Vehumet.
 10758 | Lair:1   | Noticed a six-headed hydra
 10776 | Lair:1   | Killed a six-headed hydra
 10897 | Lair:2   | Reached XP level 11. HP: 45/64 MP: 11/26
 10911 | Lair:2   | Reached skill level 10 in Spellcasting
 11049 | Lair:2   | Found a staircase to the Snake Pit.
 11452 | Lair:2   | Found a burning altar of Makhleb.
 11713 | Lair:2   | Noticed a queen ant
 11716 | Lair:2   | Reached **** piety under Vehumet
 11719 | Lair:2   | Killed a queen ant
 11720 | Lair:2   | Offered knowledge of Irradiate by Vehumet.
 11825 | Lair:2   | Reached skill level 10 in Dodging
 11841 | Lair:2   | Reached skill level 10 in Ice Magic
 12007 | Lair:2   | Reached skill level 11 in Spellcasting
 12282 | Lair:2   | Reached ***** piety under Vehumet
 12410 | Lair:2   | Offered knowledge of Conjure Ball Lightning by Vehumet.
 12437 | Lair:2   | Reached XP level 12. HP: 67/72 MP: 19/29
 13261 | Lair:3   | Noticed a four-headed hydra
 13270 | Lair:3   | Killed a four-headed hydra
 13276 | Lair:3   | Found a dark tunnel.
 13293 | Volcano  | Entered a volcano
 13349 | Volcano  | Reached skill level 12 in Spellcasting
 13782 | Volcano  | Got a pair of transparent gloves
 13815 | Volcano  | Identified the +2 pair of gloves of Uhisar {Str+6} (You
                  | found it in a volcano)
 14230 | Lair:3   | Reached skill level 10 in Conjurations
 14358 | Lair:3   | Noticed a four-headed hydra
 14365 | Lair:3   | Killed a four-headed hydra
 14828 | Lair:3   | Noticed a five-headed hydra
 14840 | Lair:3   | Killed a five-headed hydra
 14840 | Lair:3   | Reached XP level 13. HP: 66/78 MP: 22/31
 14994 | Lair:3   | Found a staircase to the Swamp.
 15182 | Lair:4   | Reached skill level 1 in Shields
 15928 | Lair:4   | Got a vibrating ivory ring
 15930 | Lair:4   | Identified the ring "Tifeg" {Wiz rElec Dex+4 Stlth+} (You
                  | found it on level 4 of the Lair of Beasts)
 16144 | Lair:4   | Reached skill level 13 in Spellcasting
 17458 | Lair:6   | Entered Level 6 of the Lair of Beasts
 17740 | Lair:6   | Found a staircase to the Slime Pits.
 17740 | Lair:6   | Found a viscous altar of Jiyva.
 19596 | Lair:2   | Offered knowledge of Fireball by Vehumet.
 20034 | D:9      | Found a staircase to the Orcish Mines.
 20615 | D:9      | Found a basalt altar of Yredelemnul.
 20979 | Orc:1    | Entered Level 1 of the Orcish Mines
 21130 | Orc:2    | Entered Level 2 of the Orcish Mines
 21505 | Orc:2    | Found a staircase to the Elven Halls.
 21511 | Orc:2    | Reached XP level 14. HP: 86/86 MP: 30/33
 22517 | Orc:2    | Offered knowledge of Lee's Rapid Deconstruction by Vehumet.
 22545 | Orc:2    | Found Exkuwof's Armour Boutique.
 22547 | Orc:2    | Found Xuthefei's Gadget Shop.
 22548 | Orc:2    | Found Aso Serch's Magic Scroll Boutique.
 22548 | Orc:2    | Found Efystrumno's Armour Boutique.
 23016 | Orc:2    | Reached skill level 14 in Spellcasting
 23331 | Orc:2    | Bought the cursed +0 cloak of Egalitarianism {Int+2 Dex+4}
                  | for 337 gold pieces
 23746 | Orc:1    | Found a roughly hewn altar of Beogh.
 24171 | D:10     | Entered Level 10 of the Dungeon
 24498 | D:10     | Found Uxiobuf's Jewellery Shop.
 25022 | D:11     | Noticed Snorg
 25037 | D:11     | Killed Snorg
 25564 | D:11     | Noticed Grum
 25571 | D:11     | Killed Grum
 25622 | D:11     | Offered knowledge of Bolt of Magma by Vehumet.
 25655 | D:11     | Reached skill level 5 in Shields
 26932 | D:12     | Noticed Kirke
 26947 | D:12     | Killed Kirke
 27454 | D:12     | Offered knowledge of Yara's Violent Unravelling by Vehumet.
 27456 | D:12     | Reached XP level 15. HP: 57/92 MP: 3/35
 27965 | D:13     | Noticed Urug
 28017 | D:13     | Found a gate to the Vaults.
 28019 | D:13     | Noticed Nessos
 28485 | D:13     | Killed Nessos
 28485 | D:13     | Reached ****** piety under Vehumet
 28485 | D:13     | Reached skill level 10 in Fighting
 29601 | D:13     | Killed Urug
 29601 | D:13     | Reached skill level 15 in Spellcasting
 31151 | D:15     | Entered Level 15 of the Dungeon
 31160 | D:15     | Offered knowledge of Iron Shot by Vehumet.
 32389 | D:15     | Upgraded the game from 0.26-a0-21-gf97e55dc39 to
                  | 0.26-a0-26-ge22fd8933b
 32940 | D:15     | Found a staircase to the Depths.
 33656 | Swamp:1  | Entered Level 1 of the Swamp
 34148 | Elf:1    | Entered Level 1 of the Elven Halls
 34152 | Elf:1    | Reached XP level 16. HP: 97/98 MP: 29/37
 34725 | Orc:2    | Learned a level 6 spell: Iron Shot
 35148 | Elf:1    | Learned a level 2 spell: Blink
 35706 | Elf:1    | Reached skill level 16 in Spellcasting
 35792 | Elf:1    | Noticed Agnes
 35803 | Elf:1    | Slain by Agnes

Illustrated notes

Levels and vault maps discovered:
D:1:      kilobyte_arrival_exit_the_forest, layout_loops_corners,
          chequers_serial_rivers_marsh
D:2:      wander_river, layout_basic, nicolae_overflow_crystal_walls,
          lemuel_round_altar, dk_noncrumbling_4
D:3:      layout_basic, gup_sewer_entry_bubbles, biasface_ghost_orc_armoury,
          uniq_natasha, uniq_robin, uniq_terence
D:4:      layout_rooms, minmay_temple_entry_drinking_statues, first_ration,
          kennysheep_generic_room_10
D:5:      layout_loops_ring, kennysheep_generic_room_2, uniq_pikel
D:6:      layout_basic, marbit_many_paths, uniq_eustachio
D:7:      layout_rooms, lemuel_doored_altar, grunt_ogre_cave, uniq_duvessa
D:8:      layout_cave_pods, nicolae_dithmenos_shadow_blocks,
          grunt_lair_entry_orc_guard_hut, serial_shops, shop,
          chequers_serial_rivers_micro_b, nicolae_qazlal_general_emergency
D:9:      layout_small_grid, yredelemnul_altar_generic, serial_bayou_pond_a
D:10:     layout_roguey, serial_shops, shop
D:11:     layout_loops_corners, ebering_dispersal_statue_hall, uniq_snorg,
          uniq_grum
D:12:     layout_basic, uniq_kirke
D:13:     layout_irregular_city, david_vaults_3
D:14:     layout_roguey, chequers_serial_rivers_large_a,
          minmay_fractal_squares_diagonal_5
D:15:     grunt_enter_depths_magical_seal, layout_irregular_city,
          hangedman_decor_clover_reticule, minmay_shattered_shrine, uniq_nessos
Temple:   eino_temple_scatter_basement
Lair:1:   layout_roguey, serial_bayou_shore_a
Lair:2:   regret_index_combs_of_tragedy, layout_regular_city,
          guppyfry_snake_entry_island, basic_altar, minivault_29
Lair:3:   layout_roguey, palyth_hydra_swamp_entry, enter_volcano_1
Lair:4:   layout_cave_shapes, portal_ice_cave_entry_imps, grunt_megastairs_2,
          infiniplex_staircase_pool_2
Lair:5:   layout_hall_layers, grunt_megastairs_4
Lair:6:   minmay_lair_end_enchanted_forest, layout_misc_corridors, slime_altar_1
Swamp:1:  layout_falls_marsh, hangedman_swamp_ruin_wall
Orc:1:    layout_diamond_mine, basic_altar
Orc:2:    st_orc_pillars, layout_diamond_mine, nicolae_orc_lava_room
Elf:1:    elf_arrival_002, layout_rooms, minmay_elf_crystal_hexagon, uniq_agnes

Skill      XL: |  1  2  3  4  5  6  7  8  9 10 11 12 13 14 15 16 |
---------------+-------------------------------------------------+-----
Dodging        | 3 4 5 6 7 9 10 11 12 13 14 | 14.8
Armour         | 1 2 3 4 5 |  5.0
Fighting       | 1 2 3 4 5 7 8 9 10 | 10.7
Spellcasting   | 4 5 6 7 8 9 11 12 13 14 15 16 | 16.0
Ice Magic      | 5 6 7 9 10 11 12 13 14 | 14.0
Conjurations   | 1 3 4 5 7 8 10 11 12 13 | 13.2
Shields        | 3 5 6 7 |  7.2
Stealth        | |  2.4

Action                   |  1- 3 |  4- 6 |  7- 9 | 10-12 | 13-15 | 16-18 || total
-------------------------+-------+-------+-------+-------+-------+-------++-------
Melee: Dagger            |    25 |    39 |   271 |     6 |       |       ||   341
       Unarmed           |     2 |       |       |       |       |       ||     2
       Club              |       |       |       |   163 |   165 |       ||   328
       Whip              |       |       |       |       |   536 |     3 ||   539
 Cast: Freeze            |    53 |    27 |    40 |    80 |   168 |    24 ||   392
       Frozen Ramparts   |       |    16 |    45 |    83 |   163 |     5 ||   312
       Hailstorm         |       |       |    17 |    92 |   322 |    47 ||   478
       Iron Shot         |       |       |       |       |       |     5 ||     5
  Use: Scroll            |       |       |    11 |     4 |     2 |     1 ||    18
       Potion            |       |       |       |     3 |     1 |       ||     4
 Stab: Sleeping          |     1 |     1 |       |       |     6 |       ||     8
       Distracted        |       |       |       |       |     2 |       ||     2
  Eat: Chunk             |     4 |     7 |    16 |    20 |    57 |     6 ||   110
       Ration            |       |       |     2 |       |     1 |       ||     3
Armor: Robe              |    13 |    14 |    26 |       |       |       ||    53
       Leather armour    |       |       |    46 |    95 |   240 |    10 ||   391
Dodge: Dodged            |    43 |    35 |   159 |   252 |   986 |    45 ||  1520
Block: Buckler           |       |       |       |       |   286 |    20 ||   306

Table legend:
 A = Non-vault XP
 B = Vault XP
 C = Vault XP percentage of total XP
 D = Non-vault monster count
 E = Vault monster count
 F = Vault count percentage of total count
                 A         B        C        D         E       F
            +---------+---------+-------+---------+---------+-------
      Total |   95520 |   74612 |  43.9 |     574 |     351 |  37.9
            +---------+---------+-------+---------+---------+-------
        D:1 |      31 |       0 |   0.0 |      20 |       0 |   0.0
        D:2 |      87 |       0 |   0.0 |      23 |       0 |   0.0
        D:3 |     224 |     316 |  58.5 |      18 |      31 |  63.3
        D:4 |     276 |      37 |  11.8 |      14 |       1 |   6.7
        D:5 |     945 |     634 |  40.2 |      27 |       4 |  12.9
        D:6 |     868 |     238 |  21.5 |      20 |       2 |   9.1
        D:7 |    1322 |     337 |  20.3 |      35 |       3 |   7.9
        D:8 |    1008 |     816 |  44.7 |      23 |       6 |  20.7
        D:9 |    2071 |       0 |   0.0 |      18 |       0 |   0.0
       D:10 |    4980 |       0 |   0.0 |      35 |       0 |   0.0
       D:11 |    5759 |    1623 |  22.0 |      41 |       5 |  10.9
       D:12 |   11252 |    5250 |  31.8 |      48 |      13 |  21.3
       D:13 |    6912 |    5229 |  43.1 |      29 |      14 |  32.6
       D:14 |    3571 |    2055 |  36.5 |      11 |       5 |  31.2
       D:15 |   13827 |   11606 |  45.6 |      31 |      22 |  41.5
     Lair:1 |    3873 |       0 |   0.0 |      18 |       0 |   0.0
     Lair:2 |    4440 |   10792 |  70.9 |      20 |      90 |  81.8
     Lair:3 |    4253 |    2610 |  38.0 |      20 |       4 |  16.7
     Lair:4 |    6134 |     124 |   2.0 |      21 |      12 |  36.4
     Lair:5 |    3075 |       0 |   0.0 |      10 |       0 |   0.0
     Lair:6 |    3371 |    8346 |  71.2 |      14 |      46 |  76.7
    Swamp:1 |     541 |       0 |   0.0 |       2 |       0 |   0.0
      Orc:1 |    2257 |       0 |   0.0 |      24 |       0 |   0.0
      Orc:2 |    2447 |   12458 |  83.6 |      31 |      73 |  70.2
      Elf:1 |   11996 |    5302 |  30.7 |      21 |       9 |  30.0
    Volcano |       0 |    6839 | 100.0 |       0 |      11 | 100.0
            +---------+---------+-------+---------+---------+-------
